 Dungeon Sprint DCSS version 0.18-a0-1655-ge2d8d33 (webtiles) character file.

13000000 namelastname112 the Sabretooth (level 27, -8/149 HPs)
             Began as a Felid Monk on Mar 30, 2016.
             Was the Champion of Makhleb.
             Killed by divine providence
             ... invoked by an accursed
              (14 damage)
             ... in the Dungeon (Sprint VIII: "Arena of Blood").
             The game lasted 00:02:20 (130 turns).

namelastname112 the Sabretooth (Felid Monk)          Turns: 130, Time: 00:02:20

Health: -8/149     AC:  3    Str:  7    XL:     27
Magic:  55/55      EV: 47    Int: 14    God:    Makhleb [******]
Gold:   0          SH:  0    Dex: 29    Spells: 0 memorised, 80 levels left
                                        Lives:  0   Deaths: 4

rFire  . . .     SeeInvis +       - Unarmed
rCold  + . .     Gourm    .     (armour unavailable)
rNeg   . . .     Faith    .     (shield unavailable)
rPois  .         Spirit   .     (helmet unavailable)
rElec  .         Dismiss  .     (cloak unavailable)
rCorr  .         Reflect  .     (gloves unavailable)
SustAt .         Harm     .     (boots unavailable)
MR     ++++.     NoTele   +     (no amulet)
Stlth  ++++++++++               (no ring)
                                h - +27000 ring of slaying

@: quick, incredibly resistant to hostile enchantments, uncannily stealthy
A: no armour, no weapons or thrown items, claws 1, fangs 3, see invisible,
carnivore 3, speed 1, shaggy fur 3, slow metabolism 1, sharp paws
a: Minor Destruction, Lesser Servant of Makhleb, Major Destruction, Greater
Servant of Makhleb, Renounce Religion


You were in the Dungeon.
You worshipped Makhleb.
Makhleb was exalted by your worship.
You were not hungry.

You visited 1 branch

Inventory:

Jewellery
 h - a +27000 ring of slaying (left paw)
Scrolls
 g - a scroll of blinking
Potions
 b - a potion of curing
 c - a potion of heal wounds
 d - a potion of haste
 e - 2 potions of magic
 f - a potion of berserk rage
Comestibles
 a - a meat ration


   Skills:
 O Level 27 Fighting
 O Level 27 Dodging
 O Level 27 Stealth
 O Level 27 Unarmed Combat
 O Level 27 Spellcasting
 O Level 27 Invocations


You had 80 spell levels left.
You didn't know any spells.

Dungeon Overview and Level Annotations

Branches:
Dungeon (1/1)

Altars:
Makhleb

Annotations:
D The Servant


Innate Abilities, Weirdness & Mutations

You cannot wear armour.
You are incapable of wielding weapons or throwing items.
You have sharp claws.
You have razor-sharp teeth.
You have supernaturally acute eyesight.
You are carnivorous and can eat meat at any time.
You cover ground quickly.
Your thick and shaggy fur keeps you warm (AC +3, rC+).
You have a slow metabolism.
Your sharp claws are effective at attacking unaware monsters.


Message History

The wretched soul completely resists.
The bolt of poison misses you.
The bolt of poison hits the observer.
The observer is poisoned.
The tyrant waves its bony arms in wide circles.
The air twists around and strikes you!
* * * LOW HITPOINT WARNING * * *
The accursed casts a spell at you. Something smites you!
* * * LOW HITPOINT WARNING * * *
The bag of meat is engulfed in roaring flames.
The destroyer blinks!
The wretched soul is engulfed in roaring flames.
The bag of meat hits you with a +9 war axe!
* * * LOW HITPOINT WARNING * * *
The observer is engulfed in roaring flames.
The observer gazes at you. Something smites you!
* * * LOW HITPOINT WARNING * * *
The accursed points at you and mumbles some strange words.
Something smites you!
You die...

... ...#§..)..x.W......
.....#..X.§Do#zXo..#.
#....WooxX.#xoL._#
#....#MXLOSG.#))..S#...
.......#oWo.)o)^_......
. ....oXx2GL.Wo###......
..§....ozS###GM.....###.
O..2z.oOoW..#.o.....#
...OoCoOo@W§#.§.....#


o.o#.o.ooGooGMWM...... #o#.#.o.§§o§........ #.#V....o.M........
#.#.......M......# #.#...S.#.....o..# ............... #.......##.#... You could
see 5 accurseds, 2 meat beasts, a tyrant, an eight-headed meat hydra, a
destroyer, 4 observers, 3 scourges, 2 sculptors of flesh, a large bag of meat
(inner flame), 4 large abominations, 3 wretched souls, 2 dreads, 4 meat
berserkers, a small abomination, 22 bags of meat and a crawling corpse.

Vanquished Creatures
  Sigmund (D)
  5 hell beasts (D)
  3 great orbs of eyes (D)
  3 wraiths (D)
  5 vampire knights (D)
  21 ogres (D)
  5 liches (D)
  43 orcs (D)
  2 phantoms (D)
  4 hill giants (D)
  2 skeletal warriors (D)
  3 large abominations (D)
  3 small abominations (D)
100 creatures vanquished.

Vanquished Creatures (others)
  An ogre (D)
  A hydra (D)
  14 orcs (D)
  5 crawling corpses (D)
21 creatures vanquished.

Grand Total: 121 creatures vanquished

Notes
Turn   | Place    | Note
--------------------------------------------------------------
     0 | D        | namelastname112 the Felid Monk began the quest for the Orb.
     0 | D        | Reached XP level 1. HP: 10/10 MP: 2/2
     3 | D        | Noticed a bag of meat
     3 | D        | Noticed a bag of meat
     4 | D        | Noticed a bag of meat
     4 | D        | Became a worshipper of Makhleb the Destroyer
     4 | D        | Reached * piety under Makhleb
     4 | D        | Reached ** piety under Makhleb
     5 | D        | Noticed a meat berserker
     5 | D        | Noticed a bag of meat
     6 | D        | Noticed a bag of meat
     6 | D        | Noticed a bag of meat
     6 | D        | Noticed a bag of meat
     9 | D        | Noticed a meat berserker
    10 | D        | Noticed a bag of meat
    11 | D        | Noticed a bag of meat
    11 | D        | Noticed a bag of meat
    11 | D        | Noticed a bag of meat
    11 | D        | Noticed a bag of meat
    12 | D        | Noticed a bag of meat
    12 | D        | Noticed a meat berserker
    12 | D        | Noticed a meat berserker
    12 | D        | Noticed a bag of meat
    12 | D        | Noticed a bag of meat
    12 | D        | Noticed a bag of meat
    12 | D        | Noticed a bag of meat
    12 | D        | Noticed a bag of meat
    13 | D        | Noticed a bag of meat
    14 | D        | Killed a bag of meat
    14 | D        | Reached XP level 2. HP: 24/24 MP: 3/3
    14 | D        | Reached XP level 3. HP: 28/28 MP: 4/4
    14 | D        | Reached XP level 4. HP: 32/32 MP: 5/5
    14 | D        | Reached XP level 5. HP: 36/36 MP: 6/6
    14 | D        | Gained mutation: You are covered in thick fur (AC +2). [Felid growth]
    14 | D        | Reached XP level 6. HP: 40/40 MP: 7/7
    14 | D        | Reached XP level 7. HP: 43/43 MP: 8/8
    14 | D        | Reached XP level 8. HP: 48/48 MP: 9/9
    14 | D        | Reached XP level 9. HP: 51/51 MP: 10/10
    14 | D        | Reached XP level 10. HP: 55/55 MP: 11/11
    14 | D        | Reached XP level 11. HP: 59/59 MP: 12/12
    15 | D        | Noticed a bag of meat
    15 | D        | Noticed a bag of meat
    15 | D        | Noticed a bag of meat
    15 | D        | Killed a meat berserker
    15 | D        | Reached skill level 10 in Stealth
    15 | D        | Gained mutation: Your thick and shaggy fur keeps you warm (AC +3, rC+). [Felid growth]
    15 | D        | Reached XP level 12. HP: 68/68 MP: 13/13
    15 | D        | Reached XP level 13. HP: 72/72 MP: 14/14
    16 | D        | Noticed a meat berserker
    16 | D        | Killed a meat berserker
    16 | D        | Reached *** piety under Makhleb
    16 | D        | Reached skill level 27 in Unarmed Combat
    16 | D        | Reached XP level 14. HP: 80/80 MP: 15/15
    18 | D        | Noticed a bag of meat
    18 | D        | Noticed a bag of meat
    18 | D        | Killed a meat berserker
    18 | D        | Reached skill level 27 in Dodging
    18 | D        | Reached skill level 15 in Stealth
    18 | D        | Reached XP level 15. HP: 90/90 MP: 16/16
    19 | D        | Noticed a large bag of meat
    20 | D        | Killed a meat berserker
    20 | D        | Reached **** piety under Makhleb
    20 | D        | Reached skill level 27 in Fighting
    20 | D        | Reached XP level 16. HP: 100/100 MP: 17/17
    22 | D        | Reached skill level 27 in Stealth
    23 | D        | Reached ***** piety under Makhleb
    23 | D        | Reached skill level 10 in Invocations
    23 | D        | Reached XP level 17. HP: 104/104 MP: 17/31
    25 | D        | Noticed a meat berserker
    25 | D        | Reached skill level 15 in Spellcasting
    27 | D        | Reached XP level 18. HP: 103/109 MP: 17/42
    29 | D        | Noticed a meat berserker
    29 | D        | Noticed a meat berserker
    29 | D        | Noticed a meat berserker
    29 | D        | Reached ****** piety under Makhleb
    30 | D        | Noticed a destroyer
    30 | D        | Noticed a large bag of meat
    30 | D        | Noticed a meat berserker
    31 | D        | Reached XP level 19. HP: 113/113 MP: 18/48
    32 | D        | Noticed an eight-headed meat hydra
    32 | D        | Killed a large bag of meat
    32 | D        | Reached skill level 27 in Invocations
    33 | D        | Killed a meat berserker
    33 | D        | Reached skill level 27 in Spellcasting
    35 | D        | Killed a meat berserker
    35 | D        | Reached XP level 20. HP: 118/118 MP: 18/52
    36 | D        | Killed a meat berserker
    37 | D        | Killed a meat berserker
    38 | D        | Killed a meat berserker
    38 | D        | Reached XP level 21. HP: 103/122 MP: 19/53
    41 | D        | Noticed a destroyer
    44 | D        | Noticed a destroyer
    45 | D        | Noticed a destroyer
    50 | D        | Noticed a destroyer
    53 | D        | Killed a destroyer
    53 | D        | Reached XP level 22. HP: 91/127 MP: 21/54
    54 | D        | Killed a destroyer
    57 | D        | Killed a destroyer
    57 | D        | Reached XP level 23. HP: 131/131 MP: 22/55
    58 | D        | Killed a destroyer
    61 | D        | Noticed a destroyer
    63 | D        | Noticed a meat beast
    68 | D        | Noticed a dread
    69 | D        | Noticed an accursed
    71 | D        | Noticed a meat beast
    72 | D        | Killed a meat beast
    72 | D        | Reached XP level 24. HP: 106/136 MP: 25/55
    73 | D        | Killed a meat beast
    73 | D        | Reached XP level 25. HP: 140/140 MP: 25/55
    76 | D        | Noticed a dread
    77 | D        | Noticed a dread
    79 | D        | Killed a destroyer
    80 | D        | Noticed a tyrant
    83 | D        | Noticed a meat beast
    83 | D        | Killed a tyrant
    83 | D        | Reached XP level 26. HP: 145/145 MP: 27/55
    84 | D        | Noticed a tyrant
    84 | D        | Noticed The Servant
    86 | D        | Killed a dread
    87 | D        | Mangled by The Servant
    88 | D        | Reached XP level 25. HP: -11/140 MP: 28/55
    88 | D        | Noticed a dread
    88 | D        | Noticed The Captor
    88 | D        | Noticed a dread
    89 | D        | Noticed an accursed
    89 | D        | Noticed a tyrant
    90 | D        | Noticed a dread
    90 | D        | Noticed a meat beast
    91 | D        | Killed a dread
    91 | D        | Reached XP level 26. HP: 130/145 MP: 55/55
    92 | D        | Noticed an accursed
    94 | D        | Noticed a tyrant
    94 | D        | Noticed a tyrant
    94 | D        | Killed a tyrant
    97 | D        | Noticed a dread
   103 | D        | Killed The Captor
   103 | D        | Reached XP level 27. HP: 149/149 MP: 55/55
   104 | D        | Noticed a tyrant
   104 | D        | Killed a tyrant
   104 | D        | Demolished by a meat berserker
   105 | D        | Reached XP level 26. HP: -18/145 MP: 55/55
   105 | D        | Noticed an accursed
   106 | D        | Noticed an accursed
   106 | D        | Killed a dread
   111 | D        | Noticed a meat beast
   111 | D        | Reached XP level 27. HP: 76/149 MP: 55/55
   113 | D        | Noticed an accursed
   113 | D        | Noticed a destroyer
   114 | D        | Killed a meat beast
   115 | D        | HP: 4/149 [The Servant/+9 glaive of flaming (20)]
   115 | D        | HP: 1/149 [The Servant/+9 glaive of flaming (3)]
   116 | D        | Mangled by a meat beast
   117 | D        | Noticed a meat beast
   117 | D        | Noticed a tyrant
   119 | D        | Killed from afar by an observer
   120 | D        | Reached XP level 26. HP: -32/145 MP: 55/55
   120 | D        | Noticed a meat beast
   120 | D        | Killed a tyrant
   121 | D        | Noticed an accursed
   122 | D        | Killed a meat beast
   122 | D        | Reached XP level 27. HP: 149/149 MP: 55/55
   124 | D        | Noticed an accursed
   126 | D        | Killed a tyrant
   129 | D        | Noticed a destroyer
   130 | D        | Noticed a meat beast
   130 | D        | Killed a meat beast
   130 | D        | HP: 6/149 [observer/divine providence (11)]
   130 | D        | Killed from afar by an accursed

Vault maps used:
D:        meatsprint

Skill      XL: |  1  2  3  4  5  6  7  8  9 10 11 12 13 14 15 16 17 18 19 |
---------------+----------------------------------------------------------+-----
Fighting       | 13 17 19 23 27 | 27.0
Dodging        | 17 21 24 27 | 27.0
Stealth        | 8 10 12 15 21 27 | 27.0
Unarmed Combat | 20 25 27 | 27.0
Spellcasting   | 9 19 24 27 | 27.0
Invocations    | 10 21 26 27 | 27.0

Action                   |  1- 3 |  4- 6 |  7- 9 | 10-12 | 13-15 | 16-18 | 19-21 | 22-24 | 25-27 || total
-------------------------+-------+-------+-------+-------+-------+-------+-------+-------+-------++-------
Melee: Unarmed           |     1 |       |       |     1 |     4 |    11 |    21 |    19 |    46 ||   103
 Stab: Distracted        |       |       |       |       |       |       |       |       |     1 ||     1
